[Event "ICC tourney 2848 (40 10)"]
[Site "Internet Chess Club"]
[Date "2022.03.12"]
[Round "1"]
[White "Manley, Nicholas:NickManley1987"]
[Black "PULIJALA, AKSHAJ:akshajp"]
[Result "0-1"]
[ICCResult "White resigns"]
[WhiteElo "1156"]
[BlackElo "1536"]
[Opening "Sicilian: Smith-Morra gambit"]
[ECO "B21"]
[NIC "SI.48"]
[Time "11:01:22"]
[PlyCount "46"]
[TimeControl "2400+10"]

1. e4 c5 2. d4 cxd4 3. c3 dxc3 4. Nxc3 Nc6 5. Nf3 e5 6. Bc4 h6 7. Be3 Nf6 8.
O-O Be7 9. h3 O-O 10. Qe2 a6 11. Rfd1 b5 12. Bb3 d6 13. Rac1 Bb7 14. a3 Na5
15. Ba2 Nxe4 16. Nd5 Bxd5 17. Bxd5 Nf6 18. Bxa8 Qxa8 19. Rc7 Bd8 20. Ra7 Qb8
21. Rxa6 Bc7 22. Rxa5 Bxa5 23. Qd3 e4 {White resigns} 0-1

[Event "ICC tourney 2848 (40 10)"]
[Site "Internet Chess Club"]
[Date "2022.03.12"]
[Round "1"]
[White "BLIZNIUK, STANISLAW:Sbliz20"]
[Black "WILLY, STEPHEN:stephenwilly"]
[Result "1-0"]
[ICCResult "Black checkmated"]
[WhiteElo "1500"]
[BlackElo "1824"]
[Opening "Queen's bishop game"]
[ECO "D00"]
[NIC "QP.08"]
[Time "11:01:22"]
[PlyCount "135"]
[TimeControl "2400+10"]

1. d4 d5 2. Bf4 Nf6 3. Nf3 c5 4. e3 Nc6 5. dxc5 Bg4 6. Be2 e6 7. O-O Bxc5 8.
h3 Bh5 9. Nbd2 Qe7 10. c4 Rd8 11. cxd5 Nxd5 12. Ne5 Bxe2 13. Qxe2 Nxf4 14.
exf4 Nd4 15. Qe4 O-O 16. Ndf3 Qf6 17. Nxd4 Bxd4 18. Ng4 Qf5 19. Qxf5 exf5
20. Ne3 Bxe3 21. fxe3 Rfe8 22. Rad1 Kf8 23. Rxd8 Rxd8 24. Rc1 Ke7 25. Rc7+
Rd7 26. Rc5 g6 27. Rc2 Kd6 28. Rd2+ Ke6 29. Rc2 Re7 30. Kf2 Kd5 31. Rd2+ Kc6
32. Kf3 b5 33. g4 fxg4+ 34. hxg4 Rd7 35. Rc2+ Kb6 36. f5 Rd1 37. Rf2 Rc1 38.
e4 Kc5 39. Re2 Rf1+ 40. Kg2 Rf4 41. Kg3 g5 42. e5 Kd5 43. e6 fxe6 44. Rxe6
h5 45. gxh5 Rxf5 46. Re1 Re5 47. Rh1 Re7 48. h6 Re8 49. h7 Rh8 50. Kg4 Ke6
51. Kxg5 Kf7 52. Kh6 Rc8 53. Rf1+ Ke6 54. Re1+ Kf6 55. Rg1 Kf7 56. Rg7+ Kf6
57. Rg8 Rc1 58. h8=Q+ Kf5 59. Rf8+ Ke6 60. Qf6+ Kd5 61. Qg5+ Ke4 62. Qxc1 b4
63. Qc4+ Ke5 64. Rd8 a5 65. Rd5+ Kf6 66. Qc6+ Ke7 67. Rd7+ Kf8 68. Qc8#
{Black checkmated}
1-0

[Event "ICC tourney 2848 (40 10)"]
[Site "Internet Chess Club"]
[Date "2022.03.12"]
[Round "1"]
[White "JACKSON, MASSIMO MATEO:Yeetamus123"]
[Black "OPASKA, MICHAEL:mopaska1106"]
[Result "0-1"]
[ICCResult "White checkmated"]
[WhiteElo "1470"]
[BlackElo "1759"]
[Opening "Sicilian: Grand Prix attack"]
[ECO "B23"]
[NIC "SI.44"]
[Time "11:01:29"]
[PlyCount "48"]
[TimeControl "2400+10"]

1. e4 c5 2. Nc3 Nc6 3. f4 d6 4. Nf3 Nf6 5. Bc4 e6 6. O-O g6 7. Qe1 Bg7 8. d3
O-O 9. Nh4 Nd4 10. Bb3 b5 11. f5 a5 12. a3 a4 13. Nxb5 Nxb5 14. Bc4 Nd4 15.
Qf2 Ng4 16. Qg3 Ne2+ 17. Kh1 Nxg3+ 18. hxg3 exf5 19. exf5 d5 20. Ba2 Ra6 21.
Rf4 gxf5 22. Nxf5 Bxf5 23. Rxf5 Rf6 24. Rxd5 Rf1# {White checkmated} 0-1

[Event "ICC tourney 2848 (40 10)"]
[Site "Internet Chess Club"]
[Date "2022.03.12"]
[Round "1"]
[White "Doan Giang, Nguyen Doan:Doctorstrange04"]
[Black "Mason, Mike W:MikeWMason"]
[Result "1-0"]
[ICCResult "Black checkmated"]
[WhiteElo "1839"]
[BlackElo "1500"]
[Opening "Sicilian: closed, 2...Nc6"]
[ECO "B23"]
[NIC "SI.44"]
[Time "11:02:17"]
[PlyCount "115"]
[TimeControl "2400+10"]

1. e4 c5 2. Nc3 Nc6 3. Bb5 g6 4. Bxc6 bxc6 5. f4 Bg7 6. Nf3 Nh6 7. O-O d6 8.
d3 O-O 9. Qd2 f5 10. e5 Nf7 11. Re1 dxe5 12. fxe5 Nxe5 13. Nxe5 Qd4+ 14. Qf2
Bxe5 15. Be3 f4 16. Bxd4 Bxd4 17. Rxe7 Rf7 18. Rae1 Bd7 19. Na4 Kf8 20.
Rxf7+ Kxf7 21. Nxc5 Bxf2+ 22. Kxf2 Bf5 23. Ne4 Kf8 24. Kf3 Re8 25. Kxf4 c5
26. Re3 c4 27. dxc4 Rd8 28. g4 Be6 29. b3 Rd1 30. Ng5 Bg8 31. Re2 Ra1 32. a4
Rd1 33. Ne4 Rf1+ 34. Kg3 Rg1+ 35. Kf2 Rxg4 36. Ng3 Rd4 37. Ke3 Rd1 38. Rd2
Re1+ 39. Re2 Rd1 40. Rd2 Re1+ 41. Kd4 h5 42. c5 h4 43. Ne4 g5 44. Nxg5 Rg1
45. Ne4 Bh7 46. Rf2+ Ke7 47. Nc3 Rg4+ 48. Kd5 Bg8+ 49. Kc6 Be6 50. Re2 Rg8
51. Nd5+ Kf7 52. Nc7 Bc8 53. Nb5 Ba6 54. Rf2+ Ke7 55. Nd6 Rg6 56. Rf7+ Kd8
57. Rxa7 Be2 58. Rd7# {Black checkmated} 1-0

[Event "ICC tourney 2848 (40 10)"]
[Site "Internet Chess Club"]
[Date "2022.03.12"]
[Round "1"]
[White "SEBBA, AMITAI:Amitai"]
[Black "Laido, Olivia:beibeiolivia"]
[Result "0-1"]
[ICCResult "White forfeits on time"]
[WhiteElo "1705"]
[BlackElo "1464"]
[Opening "Evans gambit"]
[ECO "C52"]
[NIC "IG.05"]
[Time "11:01:22"]
[PlyCount "76"]
[TimeControl "2400+10"]

1. e4 e5 2. Nf3 Nc6 3. Bc4 Bc5 4. b4 Bxb4 5. c3 Ba5 6. d4 exd4 7. O-O Nge7
8. Ng5 Ne5 9. Nxf7 Nxf7 10. Bxf7+ Kxf7 11. Qh5+ Ng6 12. Qxa5 d6 13. cxd4 Rf8
14. Nc3 Kg8 15. Bg5 Qd7 16. Qd5+ Kh8 17. h3 h6 18. Be3 Qe7 19. Qh5 Kh7 20.
Rac1 c6 21. Rfe1 Bd7 22. Rcd1 Rae8 23. Bd2 Qf6 24. Rf1 Bc8 25. Be3 Rf7 26.
Rd3 b6 27. d5 Ba6 28. Bd4 Qd8 29. Rg3 Nh8 30. Qg4 Qe7 31. Re1 c5 32. Be3 Qe5
33. Bd2 Ref8 34. f3 Qd4+ 35. Be3 Qxc3 36. Kf2 Bd3 37. Rc1 Qb2+ 38. Kg1 Qe2
{White forfeits on time}
0-1

[Event "ICC tourney 2848 (40 10)"]
[Site "Internet Chess Club"]
[Date "2022.03.12"]
[Round "1"]
[White "GOVINDARAJULA, PRANAY SIDDHARTH:K06-17345554"]
[Black "ZHUGE, KATHERINE:FlowingMelody"]
[Result "1-0"]
[ICCResult "Black checkmated"]
[WhiteElo "1543"]
[BlackElo "1359"]
[Opening "Catalan: closed, 5.Nf3"]
[ECO "E06"]
[NIC "CA.04"]
[Time "11:01:23"]
[PlyCount "75"]
[TimeControl "2400+10"]

1. d4 d5 2. c4 e6 3. g3 Be7 4. Nf3 Nf6 5. Bg2 O-O 6. O-O c5 7. cxd5 Nxd5 8.
e4 Nf6 9. Nc3 Nc6 10. dxc5 Bxc5 11. e5 Nd7 12. Bf4 Qc7 13. Re1 h6 14. h4 Rd8
15. Qe2 Nb6 16. Rad1 Nd4 17. Nxd4 Bxd4 18. Nb5 Qc5 19. Nxd4 Nd5 20. Nb3 Qe7
21. Bd2 b6 22. Nd4 Bb7 23. Nb5 Ba6 24. a4 Bxb5 25. Qxb5 Rac8 26. Qb3 Qe8 27.
Bxd5 Rxd5 28. Bb4 Rxd1 29. Rxd1 Rd8 30. Bd6 Qc6 31. Rd4 Qc1+ 32. Kg2 Qc6+
33. Qf3 Qc2 34. Rf4 Qxb2 35. Rxf7 a5 36. Rc7 Qd4 37. Qf7+ Kh8 38. Qxg7#
{Black checkmated}
1-0

[Event "ICC tourney 2848 (40 10)"]
[Site "Internet Chess Club"]
[Date "2022.03.12"]
[Round "1"]
[White "GUO, ELLA:SunnyCountry"]
[Black "HANKE, HARVEY:ThinkingPanda"]
[Result "0-1"]
[ICCResult "White resigns"]
[WhiteElo "1379"]
[BlackElo "1555"]
[Opening "Giuoco Piano"]
[ECO "C54"]
[NIC "IG.02"]
[Time "11:01:37"]
[PlyCount "64"]
[TimeControl "2400+10"]

1. e4 e5 2. Nf3 Nc6 3. Bc4 Bc5 4. c3 Nf6 5. d3 O-O 6. Nbd2 d5 7. exd5 Nxd5
8. O-O Bg4 9. Re1 Nf6 10. h3 Bh5 11. Nf1 Re8 12. Ng3 Bg6 13. Bg5 h6 14. Be3
Bxe3 15. Rxe3 Nd5 16. Re1 Nf4 17. d4 exd4 18. Rxe8+ Qxe8 19. cxd4 Rd8 20.
Qd2 Nd5 21. Re1 Qd7 22. a3 a6 23. Ne4 Nb6 24. Ba2 Nxd4 25. Ne5 Qf5 26. Ng3
Qf6 27. Qc3 Nb5 28. Qb3 Re8 29. Qe3 Rd8 30. Ng4 Qxb2 31. Qb3 Qd2 32. Rf1 Rd3
{White resigns}
0-1

[Event "ICC tourney 2848 (40 10)"]
[Site "Internet Chess Club"]
[Date "2022.03.12"]
[Round "1"]
[White "YU, AVERY:Averyyu321"]
[Black "RAM, JWALANTHI:jwalanthiram"]
[Result "0-1"]
[ICCResult "White checkmated"]
[WhiteElo "1672"]
[BlackElo "1446"]
[Opening "Sicilian: Labourdonnais-Löwenthal (Kalashnikov) variation"]
[ECO "B32"]
[NIC "SI.32"]
[Time "11:01:26"]
[PlyCount "138"]
[TimeControl "2400+10"]

1. e4 c5 2. Nf3 Nc6 3. d4 cxd4 4. Nxd4 e5 5. Nb5 d6 6. N1c3 a6 7. Na3 Nf6 8.
Bg5 Be7 9. Bxf6 Bxf6 10. Nd5 O-O 11. Be2 Be6 12. O-O Bxd5 13. Qxd5 Qc7 14.
Rfd1 Rad8 15. Bc4 b5 16. Bb3 Nd4 17. Kf1 Qd7 18. c3 Ne6 19. c4 Nf4 20. Qd2
b4 21. Nc2 a5 22. Ne3 Ne6 23. Ng4 Bg5 24. Nxe5 Qc7 25. Qc2 dxe5 26. Rd5 Nd4
27. Qd3 Ne6 28. Qg3 Bf6 29. Rad1 Nf4 30. R5d2 Rxd2 31. Rxd2 Rd8 32. Qe3 Rxd2
33. Qxd2 Qd8 34. Qxd8+ Bxd8 35. c5 Nd3 36. c6 Kf8 37. Ke2 Nc1+ 38. Kd2 Nxb3+
39. axb3 Ke7 40. Kd3 Kd6 41. c7 Bxc7 42. Kc4 Kc6 43. f3 g6 44. g4 h5 45. h3
Bb6 46. gxh5 gxh5 47. h4 Bf2 48. Kd3 Bxh4 49. Ke3 Bg3 50. Ke2 h4 51. Kf1 Kc5
52. Kg2 Kd4 53. Kh3 Ke3 54. Kg4 Bf4 55. Kxh4 Kxf3 56. Kh3 Kxe4 57. Kg2 Kd3
58. Kf1 Kc2 59. Ke1 Kxb2 60. Kd1 Kxb3 61. Ke2 a4 62. Kd3 a3 63. Ke4 a2 64.
Kf5 a1=Q 65. Kf6 e4+ 66. Kxf7 e3 67. Kf8 Qa7 68. Kg8 Bh6 69. Kh8 Qg7#
{White checkmated}
0-1

[Event "ICC tourney 2848 (40 10)"]
[Site "Internet Chess Club"]
[Date "2022.03.12"]
[Round "1"]
[White "BRUDNO, STEPHEN:StevChess01"]
[Black "BONNELL, LEO W:bonnelleo1"]
[Result "0-1"]
[ICCResult "White resigns"]
[WhiteElo "1449"]
[BlackElo "1703"]
[Opening "QGD: Tarrasch, Prague variation"]
[ECO "D33"]
[NIC "TD.11"]
[Time "11:01:25"]
[PlyCount "148"]
[TimeControl "2400+10"]

1. d4 d5 2. c4 e6 3. Nc3 c5 4. cxd5 exd5 5. Nf3 Nf6 6. g3 Nc6 7. Bg2 Be6 8.
O-O cxd4 9. Nxd4 Bc5 10. Nxe6 fxe6 11. Bg5 O-O 12. Rc1 Be7 13. Bh3 Qd7 14.
Nb5 h6 15. Be3 a6 16. Nd4 Nxd4 17. Bxd4 Rac8 18. Qb3 Ne4 19. Qd3 Rxc1 20.
Rxc1 Rc8 21. Rxc8+ Qxc8 22. Bc3 Qc6 23. Bg2 Nxc3 24. Qxc3 Bf6 25. Qxc6 bxc6
26. b3 Kf7 27. e3 Ke7 28. Bf1 a5 29. Bd3 Kd6 30. Kf1 Kc5 31. Bc2 Kb4 32. a4
Kc3 33. Bd1 c5 34. Ke1 d4 35. exd4 cxd4 36. Bg4 Kxb3 37. Bxe6+ Kxa4 38. Kd2
Ka3 39. Kc2 a4 40. Bf5 Bd8 41. h3 Ba5 42. f3 Be1 43. g4 Bg3 44. Bg6 Kb4 45.
Bf5 a3 46. Be6 Bf4 47. Bf7 g5 48. Bg8 Bg3 49. Bf7 Kc5 50. Bg8 Kd6 51. Kd3
Ke5 52. Ke2 Kf4 53. Bd5 Bh2 54. Kd3 Bg1 55. Ke2 Kg3 56. Kd3 Kxh3 57. Kc2 Kg3
58. Kb3 Kf4 59. Kxa3 Ke3 60. Kb2 Ke2 61. Bc4+ Kd2 62. Bd5 d3 63. Bc4 Bd4+
64. Kb1 Bc5 65. Kb2 Bd4+ 66. Kb1 Be5 67. Bb5 Ke2 68. Kc1 Bf4+ 69. Kb2 Kxf3
70. Bd7 Bd2 71. Bc8 Bf4 72. Kc3 Ke2 73. Bb7 d2 74. Ba6+ Ke1 {White resigns}
0-1

[Event "ICC tourney 2848 (40 10)"]
[Site "Internet Chess Club"]
[Date "2022.03.12"]
[Round "1"]
[White "HOSSAIN, AZHER:Azher2009"]
[Black "JAIN, PARINYA:StockAlpha2020"]
[Result "1-0"]
[ICCResult "Black checkmated"]
[WhiteElo "1807"]
[BlackElo "1478"]
[Opening "Catalan: open, 5.Nf3"]
[ECO "E04"]
[NIC "CA.03"]
[Time "11:01:28"]
[PlyCount "157"]
[TimeControl "2400+10"]

1. d4 d5 2. Nf3 Nf6 3. c4 e6 4. g3 dxc4 5. Bg2 Nc6 6. O-O Be7 7. e3 O-O 8.
Qe2 Bd7 9. Qxc4 a6 10. Rd1 Nb4 11. a3 Bb5 12. Qb3 Nbd5 13. Qc2 Rc8 14. e4
Nb6 15. Nc3 Bc6 16. Ne5 h5 17. Nxc6 bxc6 18. h3 Qd7 19. Qe2 a5 20. e5 Nfd5
21. Qxh5 g6 22. Qf3 Rfd8 23. Ne4 a4 24. b4 axb3 25. Qxb3 Rb8 26. Qc2 Kg7 27.
Bg5 Rh8 28. Bxe7 Qxe7 29. Qxc6 Rh6 30. a4 Nd7 31. a5 Rbh8 32. a6 N7b6 33. a7
Na8 34. Rdb1 Ndb6 35. Nf6 Qd8 36. d5 Qe7 37. Ng4 R6h7 38. d6 cxd6 39. Rxb6
Nxb6 40. Qxb6 dxe5 41. a8=Q Rxa8 42. Rxa8 Qg5 43. Qd8 Qxd8 44. Rxd8 Rh5 45.
Kf1 e4 46. Rd7 Kf8 47. Bxe4 Ra5 48. Nh6 Ra1+ 49. Kg2 f5 50. Bf3 Ra6 51. Rf7+
Ke8 52. Rg7 e5 53. Bd5 Kf8 54. Rf7+ Ke8 55. Rg7 Kf8 56. Rg8+ Ke7 57. g4 f4
58. Be4 g5 59. Nf5+ Kd7 60. Rxg5 Ra4 61. Bd5 Ra5 62. Bf3 Ra4 63. Rg7+ Kd8
64. Re7 Ra5 65. h4 Rc5 66. h5 Rc6 67. Rxe5 Rf6 68. h6 Rf8 69. g5 Rg8 70. h7
Rh8 71. g6 Kd7 72. g7 Rxh7 73. g8=Q Rh2+ 74. Kxh2 Kc7 75. Qc4+ Kd7 76. Qd4+
Kc7 77. Rc5+ Kb8 78. Qb4+ Ka7 79. Qb7# {Black checkmated} 1-0

[Event "ICC tourney 2848 (40 10)"]
[Site "Internet Chess Club"]
[Date "2022.03.12"]
[Round "1"]
[White "LI, MASON JIN:K03-16739697"]
[Black "VALE CRUZ, ARMIN:trucker"]
[Result "1/2-1/2"]
[ICCResult "Game drawn by mutual agreement"]
[WhiteElo "1436"]
[BlackElo "1628"]
[Opening "Queen's pawn, Mason variation"]
[ECO "D00"]
[NIC "QP.08"]
[Time "11:01:29"]
[PlyCount "195"]
[TimeControl "2400+10"]

1. d4 d5 2. Bf4 Nf6 3. e3 a6 4. Nf3 c5 5. c3 e6 6. Nbd2 Nbd7 7. Bd3 b5 8. a3
Bb7 9. O-O Be7 10. Re1 O-O 11. Rc1 Nh5 12. Bxh7+ Kxh7 13. Ng5+ Bxg5 14.
Qxh5+ Bh6 15. Bd6 Nf6 16. Qe5 Rh8 17. dxc5 Kg8 18. Nf3 Ne4 19. Nd4 Rc8 20.
Nxe6 fxe6 21. Qxe6+ Kh7 22. Qf5+ g6 23. Qf7+ Bg7 24. Qxb7 Nxd6 25. cxd6 Qxd6
26. Rcd1 Rcd8 27. e4 Kg8 28. Qxd5+ Qxd5 29. Rxd5 Rxd5 30. exd5 Kf7 31. g4
Rd8 32. Rd1 Be5 33. Kg2 Ke7 34. h3 Kd6 35. Re1 Rf8 36. Rd1 a5 37. Rd3 Rf4
38. b4 axb4 39. cxb4 Rc4 40. Kf3 Rc2 41. Ke3 g5 42. Kf3 Rc1 43. Ke4 Rf1 44.
Kf5 Bf4 45. f3 Rh1 46. Rc3 Kxd5 47. Rc5+ Kd6 48. Rxb5 Rxh3 49. Ke4 Rh1 50.
Rd5+ Kc6 51. Rd3 Kb5 52. Rd5+ Kc6 53. Rc5+ Kd6 54. Rc3 Ra1 55. Kf5 Ra2 56.
Kg6 Ke6 57. Rd3 Bc1 58. Rc3 Bxa3 59. Kxg5 Bxb4 60. Re3+ Kf7 61. Rb3 Bd2+ 62.
f4 Ra4 63. Rb7+ Ke6 64. Rb6+ Kd7 65. Rf6 Ke7 66. Rf5 Re4 67. Rd5 Bxf4+ 68.
Kf5 Ra4 69. g5 Bc1 70. Re5+ Kf8 71. g6 Rf4+ 72. Ke6 Kg7 73. Rf5 Re4+ 74. Re5
Rg4 75. Rc5 Rxg6+ 76. Kd7 Bf4 77. Rf5 Bg3 78. Ke7 Bd6+ 79. Kd7 Bb4 80. Rb5
Bc3 81. Rd5 Ra6 82. Rd6 Ra7+ 83. Ke6 Kg6 84. Kd5+ Kf5 85. Kc4 Be5 86. Rd5
Ke4 87. Rb5 Rc7+ 88. Rc5 Rd7 89. Kb5 Bd4 90. Kc6 Rh7 91. Rd5 Rh8 92. Rd7 Be5
93. Re7 Rh6+ 94. Kd7 Kd5 95. Ke8 Bd6 96. Rg7 Ke6 97. Rg8 Be7 98. Rg6+
{Game drawn by mutual agreement}
1/2-1/2

[Event "ICC tourney 2848 (40 10)"]
[Site "Internet Chess Club"]
[Date "2022.03.12"]
[Round "1"]
[White "ERARD, ERIC CHRISTIAN:eric-erard"]
[Black "BIST, ATHARVA:Atharva10"]
[Result "1-0"]
[ICCResult "Black resigns"]
[WhiteElo "1510"]
[BlackElo "1885"]
[Opening "QGD: 4.Bg5 Be7"]
[ECO "D53"]
[NIC "QO.13"]
[Time "11:18:29"]
[PlyCount "155"]
[TimeControl "2400+10"]

1. d4 e6 2. c4 d5 3. Nc3 Nf6 4. Bg5 Be7 5. Bxf6 Bxf6 6. Nf3 b6 7. cxd5 exd5
8. e3 O-O 9. Bd3 Bb7 10. O-O Nd7 11. Qb3 c6 12. e4 dxe4 13. Bxe4 Re8 14.
Rfd1 Qc7 15. Rac1 Qf4 16. Re1 Rac8 17. Qa4 a5 18. d5 Qc7 19. dxc6 Bxc6 20.
Bxc6 Rxe1+ 21. Rxe1 Qxc6 22. Re8+ Nf8 23. Rxc8 Qxc8 24. Qb3 Qc5 25. h3 g6
26. Nd2 Bd4 27. Nde4 Qe5 28. Qd5 Bxc3 29. bxc3 Qxd5 30. Nf6+ Kg7 31. Nxd5
Nd7 32. f4 f5 33. Kf2 Kf7 34. Ke3 Ke6 35. Kd4 Kd6 36. c4 h6 37. h4 a4 38. a3
Ke6 39. Kc3 Kd6 40. Kb4 Nc5 41. g3 Ne4 42. Nxb6 Nxg3 43. c5+ Kc6 44. Kc4 Ne2
45. Nd5 Kd7 46. c6+ Kxc6 47. Ne7+ Kd6 48. Nxg6 h5 49. Kd3 Ng3 50. Ne5 Kd5
51. Nc4 Ne4 52. Nb6+ Kd6 53. Nxa4 Nf6 54. Nc3 Kc5 55. a4 Nd7 56. Ne2 Kd5 57.
a5 Nc5+ 58. Ke3 Ke6 59. Ng3 Kf6 60. Nxh5+ Kf7 61. Ng3 Kg6 62. Kd4 Nb3+ 63.
Ke5 Nxa5 64. h5+ Kh6 65. Kxf5 Nc4 66. Ke6 Kg7 67. f5 Ne3 68. f6+ Kf8 69. Ne4
Ng4 70. Ng5 Nh6 71. f7 Kg7 72. Ke7 Nf5+ 73. Kd8 Nd6 74. h6+ Kf8 75. h7 Nxf7+
76. Nxf7 Kg7 77. h8=Q+ Kxf7 78. Qh4 {Black resigns} 1-0

[Event "ICC tourney 2848 (40 10)"]
[Site "Internet Chess Club"]
[Date "2022.03.12"]
[Round "2"]
[White "WILLY, STEPHEN:stephenwilly"]
[Black "BRUDNO, STEPHEN:StevChess01"]
[Result "1-0"]
[ICCResult "Black checkmated"]
[WhiteElo "1824"]
[BlackElo "1449"]
[Opening "Sicilian: Alapin's variation (2.c3)"]
[ECO "B22"]
[NIC "SI.46"]
[Time "13:15:19"]
[PlyCount "23"]
[TimeControl "2400+10"]

1. e4 c5 2. c3 d5 3. exd5 Qxd5 4. Nf3 Nc6 5. Na3 Bg4 6. Bc4 Qd8 7. Qb3 e6 8.
Qxb7 Rc8 9. Bb5 Ne7 10. Ne5 Bf5 11. Bxc6+ Nxc6 12. Qxf7# {Black checkmated}
1-0

[Event "ICC tourney 2848 (40 10)"]
[Site "Internet Chess Club"]
[Date "2022.03.12"]
[Round "2"]
[White "BIST, ATHARVA:Atharva10"]
[Black "JACKSON, MASSIMO MATEO:Yeetamus123"]
[Result "0-1"]
[ICCResult "White resigns"]
[WhiteElo "1885"]
[BlackElo "1470"]
[Opening "Queen's pawn: London system"]
[ECO "A45"]
[NIC "QP.07"]
[Time "13:15:23"]
[PlyCount "38"]
[TimeControl "2400+10"]

1. d4 Nf6 2. Bf4 g6 3. e3 Bg7 4. Nf3 d6 5. h3 Nc6 6. Be2 O-O 7. O-O Bf5 8.
c4 Re8 9. Nc3 Ne4 10. Nxe4 Bxe4 11. Rc1 e5 12. Bh2 exd4 13. exd4 Bf5 14. Bd3
Qf6 15. d5 Bxd3 16. Qxd3 Nb4 17. Qb3 Qxb2 18. Qxb2 Bxb2 19. Ra1 Bxa1
{White resigns}
0-1

[Event "ICC tourney 2848 (40 10)"]
[Site "Internet Chess Club"]
[Date "2022.03.12"]
[Round "2"]
[White "BONNELL, LEO W:bonnelleo1"]
[Black "ERARD, ERIC CHRISTIAN:eric-erard"]
[Result "0-1"]
[ICCResult "White resigns"]
[WhiteElo "1703"]
[BlackElo "1510"]
[Opening "Benoni: classical with e4 and Nf3"]
[ECO "A70"]
[NIC "BI.20"]
[Time "13:15:27"]
[PlyCount "56"]
[TimeControl "2400+10"]

1. d4 c5 2. d5 e6 3. c4 exd5 4. cxd5 d6 5. Nc3 Nf6 6. Nf3 g6 7. e4 Bg7 8.
Bb5+ Bd7 9. Bxd7+ Nbxd7 10. O-O O-O 11. a4 a6 12. Bf4 Qb6 13. Qc2 Ng4 14. a5
Qc7 15. Rfe1 Nge5 16. Nxe5 Nxe5 17. Bxe5 Bxe5 18. Ne2 f5 19. f4 Bg7 20. Nc3
fxe4 21. Rxe4 Rae8 22. Qe2 Rxe4 23. Qxe4 Bd4+ 24. Kh1 Qf7 25. g3 Re8 26. Qf3
Re3 27. Qg4 Rxc3 28. Qc8+ Kg7 {White resigns} 0-1

[Event "ICC tourney 2848 (40 10)"]
[Site "Internet Chess Club"]
[Date "2022.03.12"]
[Round "2"]
[White "Laido, Olivia:beibeiolivia"]
[Black "HOSSAIN, AZHER:Azher2009"]
[Result "0-1"]
[ICCResult "White checkmated"]
[WhiteElo "1464"]
[BlackElo "1807"]
[Opening "Caro-Kann: exchange, Rubinstein variation"]
[ECO "B13"]
[NIC "CK.02"]
[Time "13:15:15"]
[PlyCount "100"]
[TimeControl "2400+10"]

1. e4 c6 2. d4 d5 3. exd5 cxd5 4. Bd3 Nc6 5. c3 Nf6 6. Bf4 Bg4 7. Qb3 Qc8 8.
Nd2 e6 9. Ngf3 Be7 10. O-O Bh5 11. Rfe1 Bg6 12. Bxg6 hxg6 13. Rac1 O-O 14.
Qc2 b5 15. a3 a5 16. Qd3 Qb7 17. Ng5 Nh5 18. Be3 Bd6 19. Qe2 Nf6 20. Qf3 b4
21. axb4 axb4 22. Ra1 Rxa1 23. Rxa1 Ra8 24. Rxa8+ Qxa8 25. Nf1 Qa1 26. Qe2
bxc3 27. bxc3 Qxc3 28. Qa6 Qc4 29. Qc8+ Bf8 30. Bf4 Nxd4 31. Qxc4 dxc4 32.
Be5 Ne2+ 33. Kh1 Ng4 34. Bg3 c3 35. Ne3 Nxe3 36. fxe3 c2 37. Nf3 c1=Q+ 38.
Be1 Bb4 39. h4 Bxe1 40. g4 Bxh4+ 41. Kg2 Be7 42. g5 Qxe3 43. Kh2 Bd6+ 44.
Kg2 Nf4+ 45. Kg3 Nh5+ 46. Kg2 Qe2+ 47. Kg1 Bc5+ 48. Kh1 Qf1+ 49. Kh2 Bd6+
50. Ne5 Bxe5# {White checkmated} 0-1

[Event "ICC tourney 2848 (40 10)"]
[Site "Internet Chess Club"]
[Date "2022.03.12"]
[Round "2"]
[White "HANKE, HARVEY:ThinkingPanda"]
[Black "BLIZNIUK, STANISLAW:Sbliz20"]
[Result "1/2-1/2"]
[ICCResult "Game drawn by repetition"]
[WhiteElo "1555"]
[BlackElo "1500"]
[Opening "Caro-Kann: Tartakower (fantasy) variation"]
[ECO "B12"]
[NIC "CK.02"]
[Time "13:15:16"]
[PlyCount "136"]
[TimeControl "2400+10"]

1. e4 c6 2. d4 d5 3. f3 e5 4. dxe5 Bc5 5. Nc3 Qb6 6. Na4 Bf2+ 7. Ke2 Qd4 8.
Qxd4 Bxd4 9. exd5 Bxe5 10. dxc6 Nxc6 11. Kf2 Bf5 12. Bb5 Bxc2 13. Nc3 Nf6
14. Nge2 O-O 15. Re1 a6 16. Bxc6 bxc6 17. Bf4 Bxc3 18. Nxc3 Nd5 19. Nxd5
cxd5 20. Rac1 Rac8 21. Re2 Bf5 22. Rd1 Rfd8 23. Red2 Rc2 24. Rxc2 Bxc2 25.
Rd2 Bf5 26. Be5 f6 27. Bd4 Re8 28. Re2 Rc8 29. Rd2 Rc2 30. Rxc2 Bxc2 31. Ke3
Ba4 32. Bc5 Kf7 33. Kd4 Ke6 34. Bb4 g5 35. Bc3 h5 36. Ke3 Bd1 37. b3 Bc2 38.
Kd2 Bb1 39. Kc1 Bd3 40. Kd2 Bf1 41. g3 Bg2 42. Ke2 f5 43. Kf2 Bh3 44. f4
gxf4 45. gxf4 Bg4 46. Ke3 h4 47. Be1 h3 48. Bb4 Kd7 49. Kd4 Kc6 50. Ba3 Bd1
51. Kc3 Bf3 52. Bf8 Bd1 53. Kd4 Bf3 54. b4 Kb5 55. a3 Ka4 56. Be7 a5 57.
bxa5 Kxa5 58. Ke5 Be4 59. Kd4 Kb6 60. Ke3 Ka5 61. Kd4 Ka4 62. Ke3 Ka5 63.
Kd4 Ka4 64. Ke3 Ka5 65. Kd4 Ka4 66. Ke3 Ka5 67. Kd4 Ka4 68. Ke3 Ka5
{Game drawn by repetition}
1/2-1/2

[Event "ICC tourney 2848 (40 10)"]
[Site "Internet Chess Club"]
[Date "2022.03.12"]
[Round "2"]
[White "S.M, UMER:uncrackable"]
[Black "LI, MASON JIN:K03-16739697"]
[Result "1-0"]
[ICCResult "Black resigns"]
[WhiteElo "1845"]
[BlackElo "1436"]
[Opening "Queen's bishop game"]
[ECO "D02"]
[NIC "QP.08"]
[Time "13:15:19"]
[PlyCount "111"]
[TimeControl "2400+10"]

1. d4 d5 2. Nf3 Nf6 3. Bf4 c6 4. e3 Bf5 5. c4 e6 6. Nc3 Nbd7 7. Qb3 Qb6 8.
c5 Qxb3 9. axb3 a6 10. b4 Rc8 11. h3 Be7 12. Nd2 Bd8 13. Nb3 Bc7 14. Na5
Bxf4 15. exf4 Rc7 16. Kd2 O-O 17. Be2 Rd8 18. g4 Bg6 19. h4 h6 20. h5 Bh7
21. g5 hxg5 22. fxg5 Ne4+ 23. Nxe4 Bxe4 24. f3 Bf5 25. f4 f6 26. Rag1 Re8
27. h6 g6 28. Bd3 Bxd3 29. Kxd3 f5 30. Nb3 Kh7 31. Re1 Nf8 32. Na5 Rce7 33.
Rh3 Rb8 34. Rhe3 Rc8 35. Nb3 Rb8 36. Kc3 Rc8 37. Nc1 Rb8 38. Nd3 Ra8 39. Ne5
Rc8 40. Kb3 Rcc7 41. Ka4 Rc8 42. Ka5 Rce8 43. Kb6 Rc8 44. Ka5 Rce8 45. Ka4
Rc8 46. Kb3 Rb8 47. Ra1 Rc8 48. Rc3 Rcc7 49. b5 cxb5 50. c6 bxc6 51. Rxa6 b4
52. Rcxc6 Rxc6 53. Rxc6 Rb7 54. Rd6 Kg8 55. Rd8 Rc7 56. Nxg6 {Black resigns}
1-0

[Event "ICC tourney 2848 (40 10)"]
[Site "Internet Chess Club"]
[Date "2022.03.12"]
[Round "2"]
[White "JAIN, PARINYA:StockAlpha2020"]
[Black "YU, AVERY:Averyyu321"]
[Result "0-1"]
[ICCResult "White resigns"]
[WhiteElo "1478"]
[BlackElo "1672"]
[Opening "Sicilian: dragon, 6.Be3"]
[ECO "B72"]
[NIC "SI.16"]
[Time "13:15:20"]
[PlyCount "70"]
[TimeControl "2400+10"]

1. e4 c5 2. Nf3 d6 3. d4 cxd4 4. Nxd4 Nf6 5. Nc3 g6 6. Be3 Bg7 7. Bc4 a6 8.
h3 b5 9. Bb3 Bb7 10. Qd3 Nbd7 11. f4 Nc5 12. Qe2 Nfxe4 13. Nxe4 Nxe4 14. Rg1
Qa5+ 15. Kd1 O-O 16. f5 Nc3+ 17. bxc3 Qxc3 18. Bxf7+ Rxf7 19. Nb3 Rxf5 20.
Bd2 Qe5 21. Qd3 Qd5 22. Qxd5+ Rxd5 23. Rb1 Rc8 24. Re1 e5 25. Kc1 Rd3 26.
Kd1 Rg3 27. Na5 Bxg2 28. h4 Bf3+ 29. Kc1 Rg2 30. Rf1 Be4 31. Rb2 Bd3 32. Re1
e4 33. c3 Bxc3 34. Bxc3 Rxc3+ 35. Kd1 Rxb2 {White resigns} 0-1